Map: Deathaura LE

Players

Ariez

  • Race: Terran Terran
  • League: Master
  • Spawn Location: 11:00

zuka - Winner!

  • Race: Protoss Protoss
  • League: Master
  • Spawn Location: 5:00

VOD

Have the link to the VOD?

Description

Time

  • Played on: Aug. 7, 2020, 2:01 p.m.
  • Length: 3:09
Show
View Real Time Build Order
Export as new Build Order

Ariez Terran 

Build Orders:  

Get SALT Encoding   

  12  0:00  SCV  
  13  0:12  SCV  
  14  0:17  Supply Depot  
  14  0:24  SCV  
  15  0:29  Refinery  
  15  0:38  SCV  
  16  0:46  Barracks  
  16  0:50  SCV  
  17  1:03  SCV  
  18  1:15  SCV  
  19  1:35  Barracks Reactor, Orbital Command  
  19  1:51  Command Center  
  19  1:58  Supply Depot  
  19  2:06  Factory  
  19  2:28  Marine  
Show
View Real Time Build Order
Export as new Build Order

zuka Protoss - Winner!

Build Orders: 1 Gate Expand 

Get SALT Encoding   

  12  0:00  Probe  
  13  0:12  Probe  
  14  0:16  Pylon  
  14  0:24  Probe  
  15  0:36  Gateway  
  15  0:46  Gateway  
  15  1:16  Nexus  
  15  1:23  Zealot (Chrono Boost)  
  17  1:37  Zealot (Chrono Boost)  
  19  1:45  Pylon, Zealot (Chrono Boost)  
  23  1:55  Zealot (Chrono Boost)  
  23  2:02  Probe  
  23  2:07  Zealot (Chrono Boost)  
  26  2:08  Assimilator  
  26  2:15  Probe  
  27  2:24  Assimilator  
  27  2:30  Probe  
  28  2:42  Probe  
  29  2:54  Probe  
Tags
 
Add a new tag
Caveats
  • Supply blocks, unpowered buildings, or Contaminate may cause inaccurate times.
  • Supply counts are checked every 10 seconds.